 Dungeon Crawl Stone Soup version 0.20.1-1-g8b1a95d (webtiles) character file.

68 vineage the Skirmisher (level 4, 0/35 HPs)
             Began as a Demonspawn Fighter on Oct 10, 2017.
             Slain by a hobgoblin
             ... wielding a +0 club
              (3 damage)
             ... on level 2 of the Dungeon.
             The game lasted 00:01:34 (1348 turns).

vineage the Skirmisher (Demonspawn Fighter)         Turns: 1348, Time: 00:01:34

Health: 0/35       AC:  6    Str: 16    XL:     4   Next: 1%
Magic:  4/4        EV:  6    Int: 10    God:
Gold:   70         SH:  9    Dex: 13    Spells: 3/3 levels left

rFire    . . .     SeeInvis .   (no weapon)
rCold    . . .     Gourm    .   c - +0 shield
rNeg     . . .     Faith    .   b - +0 scale mail
rPois    .         Spirit   .   (helmet restricted)
rElec    .         Reflect  .   (no cloak)
rCorr    .         Harm     .   (no gloves)
MR       .....                  (no boots)
Stlth    ..........             (no amulet)
Regen    0.2/turn               (no ring)
MPRegen  0.1/turn               (no ring)

@: no status effects
A: antennae 1, hooves 2
a: no special abilities


You were on level 2 of the Dungeon.
You were hungry.

You visited 1 branch of the dungeon, and saw 2 of its levels.

You collected 70 gold pieces.

Inventory:

Hand Weapons
 a - a +0 long sword
Armour
 b - a +0 scale mail (worn)
 c - a +0 shield (worn)
Jewellery
 n - a cursed ring of teleportation {unknown}
Scrolls
 h - 3 scrolls of identify {unknown}
 i - a scroll of immolation {unknown}
 m - a scroll of enchant weapon {unknown}
 o - 2 scrolls of remove curse {unknown}
Potions
 d - a potion of might
 e - 2 potions of curing {unknown}
 g - 2 potions of brilliance {unknown}
 j - a potion of cancellation {unknown}
 p - a potion of magic {unknown}
Comestibles
 f - a bread ration
 k - a royal jelly
 l - 3 meat rations
 q - a chunk of flesh


   Skills:
 - Level 3.3 Fighting
 + Level 3.0 Long Blades
 - Level 3.1 Armour
 - Level 0.1 Dodging
 - Level 2.9 Shields


You had 3 spell levels left.
You didn't know any spells.

Dungeon Overview and Level Annotations

Branches:
Dungeon (2/15)

Altars:


Innate Abilities, Weirdness & Mutations

You have a pair of small antennae on your head.
You have hoof-like feet.


Message History

You block the goblin's attack. The hobgoblin hits you with a club.
* * * LOW HITPOINT WARNING * * *
The goblin hits you but does no damage. The goblin hits you but does no damage.
The hobgoblin barely misses you. You block the goblin's attack.
You block the goblin's attack. The goblin hits you but does no damage.
You block the hobgoblin's attack. You block the goblin's attack.
The goblin hits you but does no damage.
The hobgoblin hits you but does no damage.
You are feeling hungry.
You block the goblin's attack. The goblin barely misses you.
The hobgoblin hits you but does no damage.
You block the goblin's attack. The goblin hits you with a dagger.
* * * LOW HITPOINT WARNING * * *
The hobgoblin hits you but does no damage.
The goblin hits you but does no damage. x2; The hobgoblin barely misses you.
You block the goblin's attack. x2; The hobgoblin barely misses you.
The goblin hits you but does no damage. You block the goblin's attack.
The hobgoblin hits you with a club.
You die...

###########...# #.
#......(....÷.## #.
#.##........#..#
####.##.##.######.#..#
#.....<.##.# #.#..#
#.......##.# #.#..#
#.......##.# #.#..#
#....ggg##.# #.#..##
#.....@.##.# #.#....
#.......##.# ###.##.##
#.......##.# #......#
##########.####....†.##
#.............
######......##
#..#..... ###.##### ###


You could see a hobgoblin and 2 goblins.

Vanquished Creatures
  A gnoll (D:1)
  2 adders (D:2)
  A worm (D:2)
  4 leopard geckos
  5 bats
  3 giant cockroaches
  3 goblins
  7 hobgoblins
  A frilled lizard (D:1)
  3 kobolds
  2 rats (D:1)
32 creatures vanquished.

Notes
Turn   | Place    | Note
-------+----------+-------------------------------------------
     0 | D:1      | vineage the Demonspawn Fighter began the quest for the Orb.
     0 | D:1      | Reached XP level 1. HP: 18/18 MP: 1/1
   192 | D:1      | Gained mutation: You have large cloven feet. [demonic ancestry]
   192 | D:1      | Reached XP level 2. HP: 17/24 MP: 2/2
   470 | D:1      | Gained mutation: You have hoof-like feet. [demonic ancestry]
   470 | D:1      | Reached XP level 3. HP: 29/29 MP: 3/3
  1265 | D:2      | Gained mutation: You have a pair of small antennae on your head. [demonic ancestry]
  1265 | D:2      | Reached XP level 4. HP: 34/35 MP: 4/4
  1348 | D:2      | Slain by a hobgoblin

Skill      XL: |  1  2  3 |
---------------+----------+-----
Long Blades    | 2 3 |  3.0
Armour         | 3 |  3.1
Fighting       | |  3.3
Dodging        | |  0.1
Shields        | |  2.9

Action                   |  1- 3 |  4- 6 || total
-------------------------+-------+-------++-------
Melee: Long sword        |    84 |       ||    84
       Kick              |    15 |       ||    15
  Eat: Chunk             |     1 |       ||     1
Armor: Scale mail        |    44 |    66 ||   110
Dodge: Dodged            |    26 |    38 ||    64
Block: Shield            |    31 |    79 ||   110
       Rpst.: Long sword |     8 |       ||     8
